Map: Orbital Shipyard

Players

LiquidBunny (Bunny)

  • Race: Terran Terran
  • League: Grandmaster

TYTY (TY) - Winner!

  • Race: Terran Terran
  • League: Diamond

Event: DreamHack ROCCAT LotV Championship

VOD

Have the link to the VOD?

Description

Time

  • Played on: Nov. 26, 2015, 11:37 a.m.
  • Length: 10:34

All games in this series

Show
View Real Time Build Order
Export as new Build Order

LiquidBunny Terran 

Build Orders: Reaper Expand, Bio Tank 

Get SALT Encoding   

  12  0:00  SCV  
  13  0:13  SCV  
  14  0:18  Supply Depot  
  14  0:25  SCV  
  15  0:40  SCV  
  15  0:41  Barracks  
  16  0:44  Refinery  
  16  0:52  SCV  
  18  1:04  SCV  
  18  1:16  SCV  
  19  1:28  Orbital Command  
  19  1:29  Reaper  
  20  1:42  Command Center  
  20  1:48  Refinery  
  20  1:53  SCV  
  21  2:01  Supply Depot  
  21  2:02  Barracks Reactor  
  21  2:05  SCV  
  22  2:18  SCV  
  22  2:19  Factory  
  23  2:30  SCV  
  24  2:38  Marine x2  
  24  2:42  SCV  
  27  2:54  SCV  
  27  2:56  Marine x2  
  27  2:57  Orbital Command  
  30  3:03  Starport  
  30  3:04  Factory Tech Lab  
  30  3:06  SCV  
  29  3:14  Marine x2  
  29  3:18  SCV  
  28  3:23  SCV  
  28  3:30  SCV  
  28  3:32  Marine x2  
  31  3:35  SCV  
  31  3:39  Cyclone  
  34  3:43  SCV  
  34  3:47  SCV  
  35  3:52  Medivac  
  35  3:55  SCV, Marine  
  38  3:57  Marine  
  38  3:59  SCV  
  41  4:03  Supply Depot  
  41  4:08  SCV  
  42  4:11  SCV  
  42  4:13  Marine  
  42  4:15  Marine  
  45  4:20  SCV  
  45  4:22  Supply Depot  
  46  4:25  SCV, Siege Tank  
  50  4:31  Barracks  
  50  4:34  Barracks  
  50  4:36  SCV  
  51  4:39  SCV  
  51  4:40  Marine x2  
  54  4:45  Refinery  
  54  4:46  Supply Depot  
  54  4:48  SCV  
  54  4:50  Starport Reactor  
  54  4:51  SCV  
  56  4:54  Engineering Bay  
  56  4:59  Marine x2  
  58  5:01  SCV  
  58  5:03  SCV  
  59  5:13  SCV  
  58  5:15  SCV, Siege Tank  
  58  5:16  Marine  
  58  5:17  Marine  
  64  5:22  Barracks Tech Lab x2  
  64  5:25  SCV  
  64  5:27  SCV  
  64  5:28  Terran Infantry Weapons Level 1  
  66  5:31  Refinery  
  66  5:34  Marine x2  
  68  5:37  SCV, Supply Depot  
  68  5:40  Supply Depot, Combat Shields  
  68  5:41  Stimpack, Marine x2  
  71  5:50  SCV  
  71  5:52  Marine x2  
  74  5:59  Marine x2  
  74  6:03  Barracks  
  76  6:05  Barracks  
  76  6:07  Siege Tank  
  76  6:10  Medivac, Marine x2  
  83  6:13  Medivac  
  83  6:17  Supply Depot  
  85  6:20  Marine x2  
  87  6:27  Supply Depot  
  87  6:28  Marine x2  
  89  6:37  Marine  
  89  6:38  Marine  
  91  6:46  Marine  
  92  6:50  Marine  
  94  6:56  Siege Tank  
  94  6:57  Barracks Reactor x2  
  94  6:58  Medivac x2  
  94  7:00  Marine x2  
  102  7:04  SCV x2  
  102  7:08  Supply Depot  
  104  7:11  Command Center  
  104  7:12  Marine x2  
  106  7:17  Marine  
  106  7:18  Supply Depot, Marine  
  106  7:20  SCV  
  109  7:29  Siege Tank  
  112  7:30  Marine x2  
  112  7:33  Medivac  
  112  7:35  Marine x2  
  118  7:39  Marine x2  
  118  7:40  Marine x2  
  118  7:41  Medivac  
  124  7:48  Marine x2  
  124  7:51  Terran Infantry Armor Level 1, Supply Depot  
  126  8:07  Marine  
  126  8:08  Marine x3  
  126  8:09  Marine x3  
  126  8:10  SCV, Marine  
  115  8:19  Siege Tank  
  87  8:23  Orbital Command  
  87  8:24  SCV x2  
  87  8:25  Marine  
  87  8:26  Marine x3  
  93  8:27  Marine x3  
  93  8:28  Marine  
  97  8:37  SCV  
  97  8:38  SCV  
  99  8:43  Marine  
  99  8:44  Marine x3  
  99  8:46  Marine x2  
  105  8:49  SCV, Marine x2  
  108  8:56  Siege Tank  
  108  9:01  Marine  
  108  9:02  Marine x3  
  109  9:04  Marine x2  
  109  9:06  Medivac x2  
  109  9:07  Marine x2  
  117  9:17  SCV x2, Factory  
  118  9:19  Factory, Marine x2  
  118  9:21  Marine  
  118  9:23  Marine  
  123  9:26  Marine  
  123  9:28  Siege Tank  
  123  9:29  SCV  
  119  9:35  Marine x3  
  119  9:36  SCV x2  
  119  9:37  Marine  
  119  9:38  Marine  
  117  9:41  Medivac  
  117  9:43  Marine  
  114  9:50  SCV x2  
  114  9:51  Marine  
  115  9:55  Marine x2  
  117  10:00  Medivac  
  117  10:01  Marine  
  117  10:03  Factory Tech Lab  
  118  10:10  SCV x2  
  114  10:14  Marine x2  
Show
View Real Time Build Order
Export as new Build Order

TYTY Terran - Winner!

Build Orders: Reaper Expand, Bio Tank 

Get SALT Encoding   

  12  0:00  SCV  
  13  0:12  SCV  
  14  0:19  Supply Depot  
  14  0:24  SCV  
  15  0:41  SCV  
  15  0:42  Barracks  
  16  0:44  Refinery  
  16  0:53  SCV  
  17  1:05  SCV  
  18  1:17  SCV  
  19  1:29  Reaper  
  19  1:30  Orbital Command  
  20  1:45  Command Center  
  20  1:55  SCV  
  20  1:56  Supply Depot  
  21  2:01  Reaper  
  21  2:07  SCV  
  22  2:19  SCV  
  23  2:23  Factory  
  23  2:32  SCV  
  23  2:33  Marine  
  25  2:44  SCV  
  26  2:47  Command Center  
  26  2:51  Barracks Reactor  
  26  2:52  Refinery  
  26  2:56  SCV  
  27  3:01  Orbital Command  
  27  3:08  SCV  
  28  3:17  Hellion  
  29  3:20  SCV  
  30  3:30  Starport  
  30  3:32  SCV  
  31  3:37  Marine x2  
  32  3:42  Factory Tech Lab  
  32  3:43  SCV  
  32  3:49  SCV  
  32  3:55  SCV, Marine x2  
  36  4:01  SCV  
  36  4:02  Orbital Command  
  37  4:06  Cyclone  
  37  4:08  SCV  
  41  4:13  SCV, Marine x2  
  44  4:18  Refinery  
  44  4:20  Refinery  
  44  4:24  SCV  
  44  4:26  SCV  
  44  4:29  SCV  
  44  4:30  Marine  
  48  4:33  Marine  
  48  4:36  SCV  
  50  4:40  SCV  
  50  4:41  SCV  
  50  4:42  Raven  
  54  4:47  Factory Tech Lab  
  54  4:48  Marine  
  54  4:50  SCV  
  54  4:51  Marine  
  54  4:52  SCV  
  58  4:53  SCV, Supply Depot  
  59  5:03  SCV  
  59  5:04  SCV  
  59  5:15  Siege Tank  
  59  5:16  SCV x3  
  67  5:22  Supply Depot x3  
  65  5:29  Marine  
  65  5:30  Stimpack  
  65  5:31  SCV x3  
  65  5:35  Starport Reactor  
  69  5:41  Orbital Command  
  69  5:42  Barracks  
  69  5:43  Barracks x2  
  69  5:44  Engineering Bay, Barracks  
  69  5:45  SCV x2, Engineering Bay  
  69  5:47  Siege Tank  
  74  5:50  Marine  
  75  5:57  SCV x2  
  75  6:00  Supply Depot  
  77  6:06  SCV  
  77  6:09  SCV x2  
  77  6:10  Terran Infantry Weapons Level 1, Terran Infantry Armor Level 1  
  80  6:17  Supply Depot, Marine  
  82  6:18  SCV  
  82  6:19  Siege Tank  
  82  6:21  SCV x2, Refinery  
  82  6:24  Starport Reactor  
  87  6:25  Supply Depot  
  87  6:30  Barracks Reactor x2, SCV  
  88  6:33  SCV, Marine x2  
  88  6:35  SCV, Marine  
  93  6:40  Marine x2  
  93  6:42  SCV  
  93  6:45  SCV  
  93  6:47  SCV  
  98  6:50  Marine  
  98  6:51  Marine  
  98  6:52  Siege Tank  
  98  6:53  Missile Turret, Marine  
  104  6:58  Marine  
  104  7:00  Marine  
  108  7:02  Sensor Tower  
  108  7:04  Sensor Tower, Medivac x2  
  108  7:05  Refinery  
  108  7:08  Marine x4  
  112  7:11  Marine  
  112  7:12  Supply Depot  
  112  7:15  Armory  
  115  7:16  Marine  
  115  7:17  Supply Depot, Marine  
  117  7:25  Liberator x2  
  117  7:26  Marine x3  
  117  7:28  Marine  
  117  7:33  Marine x2  
  117  7:34  Siege Tank, Marine  
  117  7:36  Supply Depot  
  124  7:37  Supply Depot  
  124  7:38  Supply Depot  
  127  7:51  Supply Depot  
  125  7:52  Marine  
  125  7:53  Barracks Tech Lab  
  125  8:00  Marine x2  
  125  8:01  Marine  
  128  8:10  Marine  
  110  8:13  SCV x2  
  110  8:14  SCV  
  110  8:17  Marine  
  110  8:19  Siege Tank, Marine  
  106  8:20  Marine x2  
  106  8:21  Barracks Tech Lab  
  106  8:25  SCV x2  
  106  8:26  SCV  
  110  8:27  Barracks Reactor  
  110  8:28  Medivac x2, Marine  
  115  8:35  Marine  
  115  8:37  SCV, Marine x2  
  115  8:38  SCV x2  
  115  8:40  Marine x2  
  123  8:46  Combat Shields  
  123  8:47  Marine  
  124  8:53  Marine  
  124  8:54  Siege Tank  
  124  8:55  Marine  
  129  8:57  Marine  
  129  8:58  Marine x2  
  132  9:05  Marine x2  
  132  9:06  Marine  
  132  9:08  Medivac  
  132  9:09  Medivac  
  139  9:11  Marine  
  139  9:13  Marine  
  141  9:18  Factory, Marine x3  
  141  9:23  Marine  
  145  9:27  Marine x2  
  145  9:29  Marine  
  145  9:30  Marine  
  148  9:35  Marine x2  
  144  9:44  Siege Tank, Medivac x2  
  149  9:51  Marine x4  
  149  9:52  Marine x2  
  155  10:05  Marine x2  
  157  10:09  Marine x4  
  157  10:10  Factory Tech Lab  
  157  10:12  Supply Depot  
  161  10:16  Marine  

Tags
 
Add a new tag
Caveats
  • Supply blocks, unpowered buildings, or Contaminate may cause inaccurate times.
  • Supply counts are checked every 10 seconds.